 Dungeon Crawl Stone Soup version 0.28.0 (webtiles) character file.

Game seed: 3938013833862687006

68 Ayyar the Skirmisher (level 4, -5/35 HPs)
             Began as a Demonspawn Abyssal Knight on Apr 8, 2022.
             Was a Follower of Lugonu.
             Killed from afar by an orc wizard (8 damage)
             ... with a magic dart
             ... on level 4 of the Dungeon.
             The game lasted 00:03:58 (2022 turns).

Ayyar the Skirmisher (Demonspawn Abyssal Knight)    Turns: 2022, Time: 00:03:58

Health: -5/35      AC:  3    Str: 15    XL:     4   Next: 1%
Magic:  6/6        EV: 11    Int: 12    God:    Lugonu [*.....]
Gold:   67         SH:  0    Dex: 13    Spells: 3/3 levels left

rFire   . . .      SeeInvis .   a - +1 falchion
rCold   . . .      Faith    .   (no shield)
rNeg    . . .      Spirit   .   b - +0 leather armour
rPois   .          Reflect  .   (no helmet)
rElec   .          Harm     .   (no cloak)
rCorr   .          Rampage  .   (no gloves)
Will    .....                   (no boots)
Stlth   +.........              (no amulet)
HPRegen 0.11/turn               (no ring)
MPRegen 0.10/turn               (no ring)

@: mighty
A: claws 1, powered by death 1
a: Renounce Religion, Depart the Abyss


You were on level 4 of the Dungeon.
You worshipped Lugonu.
Lugonu was aware of your devotion.
You visited 1 branch of the dungeon, and saw 3 of its levels.
You visited the Abyss 1 time.

You collected 67 gold pieces.

Inventory:

Hand Weapons
 a - a +1 falchion (weapon)
Armour
 b - a +0 leather armour (worn)
Scrolls
 i - a scroll of identify {unknown}
 j - a scroll of immolation {unknown}
Potions
 c - a potion of might
 d - a potion of magic {unknown}
 e - a potion of invisibility {unknown}
 g - 2 potions of flight {unknown}
 h - a potion of heal wounds {unknown}


   Skills:
 + Level 3.4 Fighting
 + Level 2.3 Long Blades
 + Level 2.3 Armour
 + Level 1.6 Dodging
 + Level 3.3 Invocations


You had 3 spell levels left.
You didn't know any spells.
Your spell library contained the following spells:

 Spells                   Type           Power      Damage    Failure   Level
 Static Discharge         Conj/Air       0%         N/A       52%         2
 Lightning Bolt           Conj/Air       0%         1d11      100%        5
 Maxwell's Capacitive Co  Air            0%         ∞         100%        8


Dungeon Overview and Level Annotations

Branches:
Dungeon (2/15)

Altars:

Shops:
D:1 [


Innate Abilities, Weirdness & Mutations

You have sharp fingernails.
You regenerate a little health from kills.


Message History

You slash the orc!
You kill the orc!
Lugonu accepts your kill.
The orc wizard hits you with a +0 dagger.
* * * LOW HITPOINT WARNING * * *
You have reached level 4!
You feel clever.
You miss the orc wizard. The orc wizard barely misses you.
You bump into the rock wall.
The orc wizard closely misses you.
You hit the orc wizard.
The orc wizard is lightly wounded.
The orc wizard closely misses you.
You closely miss the orc wizard.
The orc wizard is lightly wounded.
You feel less confused.
The orc wizard points at you and mumbles some strange words.
You are confused.
You're too confused to move!
The orc wizard hits you with a +0 dagger.
* * * LOW HITPOINT WARNING * * *
You bump into the rock wall.
The orc wizard points at you and mumbles some strange words.
The puff of flame hits you.
* * * LOW HITPOINT WARNING * * *
You bump into the rock wall.
The orc wizard hits you with a +0 dagger.
* * * LOW HITPOINT WARNING * * *
Things that are here:
a +0 club; an orc corpse You miss the orc wizard.
The orc wizard is lightly wounded.
The orc wizard closely misses you.
The orc wizard hits you with a +0 dagger.
* * * LOW HITPOINT WARNING * * *
You closely miss the orc wizard.
The orc wizard is lightly wounded.
You feel less confused.
The orc wizard gestures at you while chanting.
The magic dart hits you!
You die...

#.# #.# #o#
#..........
######.#.......)
#....o..........
#.####.#########
#.####.#
#.@o{..#
########


You could see an orc wizard.

Vanquished Creatures
  An adder (D:2)
  A worm (D:2)
  A dart slug (D:4)
  An orc (D:4)
  6 ball pythons
  3 endoplasms (D:1)
  2 giant cockroaches (D:1)
  6 goblins
  7 hobgoblins
  4 quokkas
  5 bats (D:1)
  3 frilled lizards
  5 kobolds (D:1)
  4 rats
49 creatures vanquished.

Vanquished Creatures (others)
  8 plants (D:2)
8 creatures vanquished.

Grand Total: 57 creatures vanquished

Notes
Turn   | Place    | Note
-------+----------+-------------------------------------------
     0 | Abyss:1  | Ayyar the Demonspawn Abyssal Knight began the quest for the
                  | Orb.
     0 | Abyss:1  | Reached XP level 1. HP: 18/18 MP: 2/2
    55 | Abyss:1  | Noticed a small abomination
    55 | Abyss:1  | Noticed a small abomination
    61 | D:1      | Escaped the Abyss
   108 | D:1      | Reached skill level 1 in Dodging
   362 | D:1      | Gained mutation: You regenerate a little health from kills.
                  | [demonic ancestry]
   362 | D:1      | Reached XP level 2. HP: 24/24 MP: 4/4
   374 | D:1      | Reached * piety under Lugonu
   660 | D:1      | Gained mutation: You have sharp fingernails. [demonic
                  | ancestry]
   660 | D:1      | Reached XP level 3. HP: 27/29 MP: 5/5
   848 | D:1      | Found Seoqiex's Antique Armour Shop.
  1988 | D:2      | You fall into a shaft and drop 2 floors!
  2013 | D:4      | Reached XP level 4. HP: 7/35 MP: 6/6
  2022 | D:4      | Killed from afar by an orc wizard

Illustrated notes

Levels and vault maps discovered:
D:1:      amcnicky_arrival_choice, layout_basic, serial_shops, shop_fountains,
          minmay_bisected
D:2:      layout_loops_ring, dilly_ecumenical_altar_fadedgnrine, basic_altar,
          minmay_misc_feat_x
D:4:      layout_basic, hangedman_abyss_or_decor_slice, minmay_misc_feat_square

Skill      XL: |  1  2 |
---------------+-------+-----
Dodging        | 1 |  1.6
Armour         | 2 |  2.3
Long Blades    | 2 |  2.3
Invocations    | 3 |  3.3
Fighting       | |  3.4

Action                   |  1- 3 |  4- 6 || total
-------------------------+-------+-------++-------
Melee: Falchion          |   158 |     5 ||   163
       Punch             |     2 |       ||     2
Invok: Depart the Abyss  |     1 |       ||     1
  Use: Scroll            |     1 |       ||     1
       Potion            |     1 |       ||     1
Armor: Leather armour    |    50 |       ||    50
Dodge: Dodged            |   103 |     4 ||   107
